 Dungeon Crawl Stone Soup version 0.19-a0-1882-gbb73ea0 (console) character file.

168 brucemayne the Chopper (level 5, -8/45 HPs)
             Began as a Hill Orc Monk on Oct 14, 2016.
             Was a Believer of Makhleb.
             Mangled by a fire bat (9 damage)
             ... on level 6 of the Dungeon.
             The game lasted 00:07:18 (1748 turns).

brucemayne the Chopper (Hill Orc Monk)              Turns: 1748, Time: 00:07:19

Health: -8/45      AC: 10    Str: 21    XL:     5   Next: 49%
Magic:  5/5        EV:  8    Int: 10    God:    Makhleb [**....]
Gold:   182        SH:  0    Dex: 13    Spells: 0 memorised, 4 levels left

rFire  . . .     SeeInvis .     a - +0 hand axe
rCold  . . .     Gourm    .     p - +0 chain mail
rNeg   . . .     Faith    .     (no shield)
rPois  .         Spirit   .     n - +0 helmet
rElec  .         Dismiss  .     (no cloak)
rCorr  .         Reflect  .     m - +0 pair of gloves
MR     .....     Harm     .     (no boots)
Stlth  ..........               (no amulet)
                                (no ring)
                                h - +6 ring of strength

@: no status effects
A: no striking features
a: Minor Destruction, Renounce Religion


You were on level 6 of the Dungeon.
You worshipped Makhleb.
Makhleb was pleased with you.
You were not hungry.

You visited 2 branches of the dungeon, and saw 8 of its levels.

You collected 182 gold pieces.

Inventory:

Hand Weapons
 a - a +0 hand axe (weapon)
Armour
 b - a +0 robe
 d - a +0 ring mail
 g - a +0 leather armour
 m - a +0 pair of gloves (worn)
 n - a +0 helmet (worn)
 p - a +0 chain mail (worn)
Jewellery
 h - a +6 ring of strength (left hand)
Wands
 s - a wand of polymorph (6/24)
Scrolls
 e - 2 scrolls of fear {unknown}
 f - a scroll of identify {unknown}
 j - a scroll of amnesia {unknown}
 k - a scroll of enchant armour {unknown}
 l - 3 scrolls of remove curse {unknown}
 q - a scroll of teleportation {unknown}
Potions
 o - a potion of heal wounds {unknown}
Comestibles
 c - 4 bread rations
 i - a royal jelly
 r - a slice of pizza


   Skills:
 - Level 3.6 Fighting
 + Level 7.9 Axes
 - Level 2.4 Dodging
 - Level 1.5 Stealth


You had 4 spell levels left.
You didn't know any spells.

Dungeon Overview and Level Annotations

Branches:
Dungeon (7/15)             Temple (1/1) D:4

Altars:
Ashenzari
Cheibriados
Dithmenos
Elyvilon
Fedhas
Gozag
Hepliaklqana
Kikubaaqudgha
Makhleb
Nemelex Xobeh
Okawaru
Qazlal
Ru
Sif Muna
Trog
Uskayaw
Vehumet
Xom
Yredelemnul
Zin
The Shining One

Annotations:
D:3 Sigmund
D:6 exclusion: upstairs


Message History

Press: ? - help, Shift-Dir - straight line, f - fire bat
Aim: a fire bat (severely wounded, chance to defeat MR: 54%)
The fire bat resists with significant effort.
Evoking this partially-identified wand wasted a few charges.
The fire bat bites you but does no damage.
The fire bat bites you.
* * * LOW HITPOINT WARNING * * *
You are engulfed in flames!
* * * LOW HITPOINT WARNING * * *
Evoke which item? (* to show all) (? for menu, Esc to quit)
Zapping:
s - a wand of polymorph {zapped: 5} (will waste charges)
Press: ? - help, Shift-Dir - straight line, f/p - fire bat
Aim: a fire bat (severely wounded, chance to defeat MR: 54%)
The fire bat resists with significant effort.
Evoking this partially-identified wand wasted a few charges.
The fire bat bites you but does no damage.
The fire bat bites you.
* * * LOW HITPOINT WARNING * * *
You are engulfed in flames!
You die...

############ ####
#.b@.......# ...
#.########.#####.#
#># #.......# #
#.# #.####..#.#
#<# ##.# #..>.#
#.# ##.#.# #.####
#.#
###.###.##....#
#.#
#..#####......#
### #.#
#.#......##)...


You could see a fire bat.

Vanquished Creatures
  A hound (D:4)
  A centaur skeleton (D:4)
  A worker ant (D:4)
  A hound skeleton (D:4)
  A howler monkey skeleton (D:4)
  2 adders
  A dart slug (D:1)
  A leopard gecko (D:4)
  3 orcs
  2 giant cockroaches
  2 hobgoblins
  A quokka (D:3)
  A ball python (D:6)
  2 bats (D:3)
  3 frilled lizards
  A rat (D:3)
  A fungus (D:4)
25 creatures vanquished.

Vanquished Creatures (others)
  Jessica (D:3)
1 creature vanquished.

Grand Total: 26 creatures vanquished

Notes
Turn   | Place    | Note
-------+----------+-------------------------------------------
     0 | D:1      | brucemayne the Hill Orc Monk began the quest for the Orb.
     0 | D:1      | Reached XP level 1. HP: 19/19 MP: 1/1
   197 | D:2      | Reached XP level 2. HP: 26/26 MP: 2/2
   434 | D:4      | Noticed a scorpion
   529 | D:4      | Reached skill level 5 in Axes
   560 | D:5      | Entered Level 5 of the Dungeon
   590 | D:3      | Noticed Jessica
   603 | D:3      | Killed Jessica
   603 | D:3      | Reached XP level 3. HP: 28/31 MP: 3/3
   606 | D:3      | Reached skill level 6 in Axes
   615 | D:3      | Found a stormy altar of Qazlal.
   698 | D:4      | Found a staircase to the Ecumenical Temple.
   710 | Temple   | Entered the Ecumenical Temple
   928 | Temple   | Became a worshipper of Makhleb the Destroyer
   928 | Temple   | Reached * piety under Makhleb
   928 | Temple   | Reached ** piety under Makhleb
   961 | D:4      | Reached XP level 4. HP: 31/39 MP: 4/4
  1000 | D:3      | Noticed Sigmund
  1054 | D:4      | Reached skill level 7 in Axes
  1075 | D:4      | Reached XP level 5. HP: 9/45 MP: 5/5
  1574 | D:5      | Noticed an ogre
  1665 | D:7      | Noticed an ice beast
  1719 | D:7      | Noticed a fire bat
  1719 | D:7      | an ice beast changed into a fire bat
  1747 | D:6      | HP: 2/45 [fire bat (9)]
  1748 | D:6      | Mangled by a fire bat

Vault maps used:
D:1:      matt_arrival_debris
D:2:      minmay_door_path, minmay_small_reverse_x
D:3:      first_bread, grunt_qazlal_clouds, uniq_robin, uniq_jessica,
          uniq_sigmund
D:4:      serial_shops, shop, minmay_gold_behind_fungi
D:7:      enter_bailey_3, uniq_crazy_yiuf_cottage
Temple:   roderic_octagonal_lattice_temple

Skill      XL: |  1  2  3  4 |
---------------+-------------+-----
Axes           | 5 6 7 |  7.9
Fighting       | |  3.6
Dodging        | |  2.4
Stealth        | |  1.5

Action                   |  1- 3 |  4- 6 || total
-------------------------+-------+-------++-------
Melee: Hand axe          |    52 |    70 ||   122
Evoke: Wand              |       |     3 ||     3
  Use: Potion            |       |     1 ||     1
  Eat: Beef jerky        |       |     1 ||     1
       Chunk             |       |     1 ||     1
Armor: Ring mail         |     7 |    28 ||    35
       Chain mail        |       |    23 ||    23
Dodge: Dodged            |    30 |    51 ||    81
